 Dungeon Crawl Stone Soup version 0.17.1-1-g73c8601 (webtiles) character file.

21924 Miyamura the Basher (level 12, -1/118 HPs)
             Began as a Troll Warper on Dec 26, 2015.
             Was an Elder of Okawaru.
             Succumbed to a queen bee's poison
             ... on level 1 of the Lair of Beasts.
             The game lasted 00:53:43 (15678 turns).

Miyamura the Basher (Troll Warper)                 Turns: 15678, Time: 00:53:43

Health: -1/118     AC: 13    Str: 26    XL:     12   Next: 58%
Magic:  17/19      EV: 10    Int: 12    God:    Okawaru [****..]
Gold:   658        SH: 10    Dex: 10    Spells: 4 memorised, 12 levels left

rFire  + + .     SeeInvis .     g - +2 flail (protect)
rCold  . . .     Clarity  .     L - +0 troll leather armour
rNeg   . . .     SustAt   .     q - +1 shield {rF+}
rPois  .         Gourm    +     (helmet restricted)
rElec  .         Spirit   .     y - +0 cloak of Nath {Str+4}
rCorr  .         Warding  .     (gloves unavailable)
rMut   .         Stasis   .     (boots unavailable)
MR     .....                    o - amulet of faith
Stlth  ++........               p - ring of protection from fire
                                z - ring of stealth

@: lethally poisoned (-1 -> -11), not resistant to hostile enchantments,
unstealthy
A: unfitting armour, claws 3, horns 1, fast metabolism 3, gourmand, regeneration
2, shaggy fur 1, tough skin 2
a: Heroism, Renounce Religion


You were on level 1 of the Lair of Beasts.
You worshipped Okawaru.
Okawaru was greatly pleased with you.
You were not hungry.

You visited 3 branches of the dungeon, and saw 14 of its levels.
You also visited: Labyrinth and Ice Cave.

You collected 658 gold pieces.

Inventory:

Hand Weapons
 g - a +2 flail of protection (weapon)
 t - a +0 blowgun
 N - a +0 giant spiked club
Missiles
 a - 14 tomahawks
 e - 2 tomahawks of dispersal (quivered)
 k - 70 poisoned needles
Armour
 b - a +1 robe of cold resistance
 q - a +1 shield of fire resistance (worn)
 y - the +0 cloak of Nath (worn) {Str+4}
   (You found it on level 5 of the Dungeon)

   It affects your strength (+4).
 L - a +0 troll leather armour (worn)
 R - a +1 cloak of invisibility
Magical Staves
 J - an uncursed staff of air
Jewellery
 o - an amulet of faith (around neck)
 p - a ring of protection from fire (right claw)
 r - an uncursed amulet of warding
 u - an uncursed amulet of stasis
 z - a ring of stealth (left claw)
 K - an uncursed ring of teleportation
Wands
 i - a wand of invisibility (3)
 A - a wand of frost (22)
 C - a wand of slowing (27)
 D - a wand of teleportation (7)
 F - a wand of draining (6)
 G - a wand of fireball (5)
 O - a wand of disintegration (16)
 Q - a wand of flame (20)
Scrolls
 d - 3 scrolls of enchant armour
 m - 5 scrolls of amnesia
 x - 7 scrolls of remove curse
 B - 4 scrolls of immolation
 H - a scroll of silence
 M - 2 scrolls of fear
Potions
 j - 3 potions of flight
 v - 2 potions of magic
 P - a potion of haste
Books
 c - a book of Spatial Translocations

   Spells                             Type                      Level
   a - Apportation                    Translocation                1
   b - Blink                          Translocation                2
   c - Shroud of Golubria             Charms/Translocation         2
   d - Portal Projectile              Translocation                3
   e - Teleport Other                 Translocation                3
   f - Passage of Golubria            Translocation                4
 h - the Reference Book on Enchantment and Confrontation
   (You found it in a labyrinth)

   Spells                             Type                      Level
   a - Sting                          Conjuration/Poison           1
   b - Dazzling Spray                 Conjuration/Hexes            3
   c - Summon Guardian Golem          Hexes/Summoning              3
   d - Confuse                        Hexes                        3
   e - Leda's Liquefaction            Hexes/Earth                  4
   f - Darkness                       Hexes                        6
   g - Invisibility                   Hexes                        6
   h - Mass Confusion                 Hexes                        6
 E - a book of Clouds

   Spells                             Type                      Level
   a - Mephitic Cloud                 Conjuration/Poison/Air       3
   b - Conjure Flame                  Conjuration/Fire             3
   c - Poisonous Cloud                Conjuration/Poison/Air       6
   d - Freezing Cloud                 Conjuration/Ice/Air          6
   e - Ring of Flames                 Charms/Fire                  7
Comestibles
 f - 10 bread rations
 l - 9 fruits
 n - 3 meat rations
 s - 8 royal jellies
 w - 3 beef jerkies


   Skills:
 - Level 7.2 Fighting
 + Level 10.0 Maces & Flails
 - Level 0.8 Throwing
 - Level 7.5 Dodging
 + Level 4.4 Shields
 - Level 5.5 Spellcasting
 - Level 6.6 Translocations
 - Level 5.0 Invocations


You had 12 spell levels left.
You knew the following spells:

 Your Spells              Type           Power        Failure   Level  Hunger
a - Apportation           Tloc           ###.......   4%          1    None
b - Blink                 Tloc           N/A          8%          2    ##.....
g - Passage of Golubria   Tloc           N/A          38%         4    ####...
p - Portal Projectile     Tloc           ###...       12%         3    ###....


Dungeon Overview and Level Annotations

Branches:
Dungeon (11/15)            Temple (1/1) D:6            Lair (2/8) D:11
    Orc (0/4) D:11

Altars:
Ashenzari
Cheibriados
Dithmenos
Elyvilon
Fedhas
Gozag
Kikubaaqudgha
Makhleb
Nemelex Xobeh
Okawaru
Qazlal
Ru
Sif Muna
Trog
Vehumet
Xom
Yredelemnul
Zin
The Shining One

Shops:
D:4 }   D:5 [


Innate Abilities, Weirdness & Mutations

You are too large for most types of armour.
You have claws for hands.
Your metabolism is lightning-fast.
You like to eat raw meat.
You heal very quickly.
You are covered in fur (AC +1).
You have very tough skin (AC +2).
You have a pair of small horns on your head.


Message History

A killer bee corpse.
The floor.
Drink which item? (? for menu, Esc to quit)
Okay, then.
Casting: Blink
Confirm with . or Enter, or press ? or * to list all spells.
You blink.
* * * LOW HITPOINT WARNING * * *
You feel very sick.
Unknown command.
Drink which item? (? for menu, Esc to quit)
Okay, then.
Read which item? (? for menu, Esc to quit)
Okay, then.
* * * LOW HITPOINT WARNING * * *
You feel very sick.
Unknown command.
* * * LOW HITPOINT WARNING * * *
You feel very sick.
You die...

..##...#.>.............#........P
..##.#...#.....P.......#>........
..##...#.#.....#.......††##......
.....#...........##....#.##.....P
..#P.#...#...#.#.##..y...##.#...#
..##.....#...#...##....#.##.#...#
..##.........#.#.##..............
...#.#...#.....#.......P.........
.........#...#.#@#..............P
.....#...#...#...#..............#
.........P...#...##....#.........
.......)........>P.....#.........
#..........P.#.........#....#....
#.P#.............##.##......#....
#.##...P.#...#...##.##......#.#..
..##...#.#...#...##.##......#.#..
..##...P...#...#.##.##...##...#..


You could see a queen bee.

Vanquished Creatures
  A minotaur (Lab)
  A hydra (Lair:2)
  Nergalle (Lair:1)
  3 hill giants
  An ugly thing (D:11)
  A black mamba (Lair:2)
  An elephant (D:10)
  A spiny frog (Lair:1)
  Psyche (D:8)
  2 two-headed ogres
  A troll (D:10)
  Prince Ribbit (Lair:1)
  9 blink frogs
  A deep elf mage (D:9)
  Sigmund (D:3)
  2 hungry ghosts
  The ghost of Charly the Skirmisher, an amateur DgAs (D:7)
  4 vampire mosquitoes
  20 yaks
  Grum (Lair:1)
  4 hippogriffs
  2 wolves (Lair:1)
  4 water moccasins
  6 porcupines
  6 orc warriors
  3 phantoms
  5 black bears
  A necrophage (D:11)
  2 sky beasts
  9 centaurs
  2 ogres
  9 ice beasts
  5 crocodiles
  10 giant frogs
  2 big kobolds
  A scorpion (D:11)
  46 killer bees
  4 giant frog zombies
  A centaur zombie (D:9)
  2 crimson imps (D:5)
  2 hounds (D:8)
  5 iguanas
  A jelly (D:6)
  9 orc priests
  3 giant frog skeletons
  10 orc wizards
  6 worker ants
  Natasha (D:2)
  A killer bee zombie (D:8)
  A worker ant zombie (D:8)
  Robin (D:3)
  15 adders
  15 gnolls
  6 river rats (Lair:2)
  3 shadow imps
  3 oozes
  3 adder skeletons
  A worm (D:2)
  37 orcs
  2 giant cockroaches (D:2)
  11 hobgoblins
  14 jackals
  17 kobolds
  4 quokkas
  6 bats
  10 giant geckos
  A giant gecko skeleton (D:7)
  A giant gecko zombie (D:5)
  9 giant newts
  13 goblins
  A jackal skeleton (D:5)
  A jackal zombie (D:7)
  5 rats
396 creatures vanquished.

Vanquished Creatures (others)
  5 fungi
  5 plants
10 creatures vanquished.

Grand Total: 406 creatures vanquished

Notes
Turn   | Place    | Note
--------------------------------------------------------------
     0 | D:1      | Miyamura the Troll Warper began the quest for the Orb.
     0 | D:1      | Reached XP level 1. HP: 19/19 MP: 1/1
   155 | D:1      | Reached XP level 2. HP: 24/27 MP: 3/3
  1196 | D:2      | Learned a level 2 spell: Blink
  1236 | D:2      | Reached XP level 3. HP: 31/33 MP: 4/4
  1422 | D:2      | Reached XP level 4. HP: 37/42 MP: 5/5
  1806 | D:3      | Noticed Robin
  1927 | D:3      | Killed Robin
  2138 | D:3      | Reached XP level 5. HP: 15/49 MP: 6/6
  2224 | D:3      | Noticed Natasha
  2251 | D:2      | Killed Natasha
  2489 | D:3      | Reached skill level 3 in Dodging
  2547 | D:3      | Noticed Sigmund
  2724 | D:3      | Killed Sigmund
  2724 | D:3      | Reached XP level 6. HP: 49/59 MP: 8/8
  3243 | D:4      | Found Onaimy's Gadget Boutique.
  3629 | D:5      | Entered Level 5 of the Dungeon
  3647 | D:5      | Reached XP level 7. HP: 64/67 MP: 9/9
  3730 | D:5      | Found Duaff's Armour Shop.
  3733 | D:5      | Got a faintly glowing cloak
  3739 | D:5      | Identified the cursed +0 cloak of Nath {Str+4} (You found it on level 5 of the Dungeon)
  4055 | D:5      | Learned a level 3 spell: Portal Projectile
  4152 | D:5      | Reached skill level 4 in Dodging
  4500 | D:5      | Reached XP level 8. HP: 68/76 MP: 11/11
  4701 | D:6      | Found a staircase to the Ecumenical Temple.
  4717 | Temple   | Entered the Ecumenical Temple
  4808 | Temple   | Became a worshipper of Warmaster Okawaru
  5484 | D:6      | Reached * piety under Okawaru
  5767 | D:7      | Noticed Charly's ghost (amateur DgAs)
  5809 | D:7      | Killed Charly's ghost
  5954 | D:7      | Reached ** piety under Okawaru
  6078 | D:7      | Reached skill level 5 in Dodging
  6078 | D:7      | Reached XP level 9. HP: 82/85 MP: 13/13
  6205 | D:6      | Reached skill level 5 in Maces & Flails
  6699 | D:8      | Reached *** piety under Okawaru
  6888 | D:8      | Reached skill level 5 in Fighting
  6900 | D:8      | Reached skill level 5 in Translocations
  7503 | D:7      | Reached skill level 6 in Dodging
  7618 | D:7      | Reached **** piety under Okawaru
  7618 | D:7      | Reached XP level 10. HP: 88/96 MP: 15/15
  7778 | D:8      | Noticed Psyche
  7828 | D:8      | Killed Psyche
  7850 | D:8      | Gained mutation: Scrolls take you a little longer to read. [mutagenic glow]
  8938 | D:8      | Found a snail-covered altar of Cheibriados.
  9459 | D:9      | Found a sparkling altar of Nemelex Xobeh.
  9975 | D:9      | Learned a level 4 spell: Passage of Golubria
 10014 | D:9      | Lost mutation: Scrolls take you a little longer to read. [potion of cure mutation]
 10025 | D:9      | Reached skill level 7 in Maces & Flails
 10025 | D:9      | Reached skill level 5 in Spellcasting
 10229 | D:9      | Reached ***** piety under Okawaru
 10308 | D:10     | Entered Level 10 of the Dungeon
 10468 | D:10     | Reached XP level 11. HP: 107/107 MP: 17/17
 10724 | D:10     | Noticed a hill giant
 10734 | D:10     | Killed a hill giant
 11462 | D:11     | Noticed a hill giant
 11475 | D:11     | Killed a hill giant
 11491 | D:11     | Found a staircase to the Lair.
 11503 | D:11     | Noticed a hill giant
 11766 | D:11     | Found a staircase to the Orcish Mines.
 12047 | D:11     | Received a gift from Okawaru
 12113 | D:11     | Gained mutation: You have a pair of small horns on your head. [mutagenic meat]
 12255 | D:11     | Killed a hill giant
 12438 | Lair:1   | Entered Level 1 of the Lair of Beasts
 12462 | D:11     | Reached skill level 1 in Invocations
 12505 | Lair:1   | Found a labyrinth entrance.
 12513 | Lab      | Entered a labyrinth
 12927 | Lab      | Noticed a minotaur
 12946 | Lab      | Killed a minotaur
 12946 | Lab      | Reached skill level 8 in Maces & Flails
 12954 | Lab      | Identified the Reference Book on Enchantment and Confrontation
 13011 | Lair:1   | Found a frozen archway.
 13038 | IceCv    | Entered an ice cave
 13403 | Lair:1   | Reached XP level 12. HP: 110/118 MP: 19/19
 13498 | Lair:1   | Reached skill level 1 in Shields
 13841 | Lair:1   | Reached skill level 9 in Maces & Flails
 13919 | Lair:1   | Noticed Grum
 13972 | Lair:1   | Noticed Prince Ribbit
 14016 | Lair:1   | Killed Prince Ribbit
 14202 | Lair:1   | Killed Grum
 14298 | Lair:1   | Noticed Nergalle
 14330 | Lair:1   | Killed Nergalle
 14406 | Lair:2   | Received a gift from Okawaru
 14406 | Lair:2   | Reached skill level 5 in Invocations
 14921 | Lair:2   | Noticed an eight-headed hydra
 14939 | Lair:2   | Killed an eight-headed hydra
 15493 | Lair:2   | Reached skill level 10 in Maces & Flails
 15675 | Lair:1   | HP: 5/118 [poisoned by a queen bee]
 15677 | Lair:1   | HP: 1/118 [poisoned by a queen bee]
 15678 | Lair:1   | Succumbed to a queen bee's poison

Action                   |  1- 3 |  4- 6 |  7- 9 | 10-12 || total
-------------------------+-------+-------+-------+-------++-------
Melee: Mace              |   103 |   233 |       |       ||   336
       Flail             |       |    30 |   594 |  1100 ||  1724
       Giant spiked club |       |       |       |    29 ||    29
Throw: Tomahawk          |     2 |     1 |       |       ||     3
 Cast: Blink             |       |     1 |       |    10 ||    11
       Passage of Golubr |       |       |       |     5 ||     5
Invok: Heroism           |       |       |     5 |    34 ||    39
       Finesse           |       |       |       |     5 ||     5
Evoke: Wand              |       |       |       |    13 ||    13
  Use: Scroll            |     2 |     4 |     8 |    15 ||    29
       Potion            |       |     3 |     3 |     8 ||    14
 Stab: Sleeping          |       |       |     6 |     3 ||     9
       Distracted        |       |       |     2 |     1 ||     3
       Invisible         |       |       |       |     2 ||     2
  Eat: Chunk             |    18 |    22 |    48 |    79 ||   167
       Meat ration       |       |       |     3 |       ||     3
       Royal jelly       |       |       |     1 |       ||     1
